Map: Deathaura LE

Players

redbusman - Winner!

  • Race: Terran Terran
  • League: Bronze
  • Spawn Location: 5:00

KingKading

  • Race: Terran Terran
  • League: Silver
  • Spawn Location: 11:00

VOD

Have the link to the VOD?

Description

Time

  • Played on: July 20, 2020, 10:56 p.m.
  • Length: 20:33
Show
View Real Time Build Order
Export as new Build Order

redbusman Terran - Winner!

Build Orders:  

Get SALT Encoding   

  12  0:01  SCV  
  13  0:13  SCV  
  14  0:19  Supply Depot  
  14  0:26  SCV  
  15  0:40  SCV  
  16  0:44  Barracks  
  16  0:50  Refinery  
  16  0:52  SCV  
  17  1:06  SCV  
  18  1:18  SCV  
  19  1:31  Orbital Command  
  19  1:33  Marine  
  20  1:42  Command Center  
  20  1:55  Barracks Reactor  
  20  2:03  SCV  
  21  2:10  Supply Depot  
  21  2:15  SCV  
  22  2:24  Factory  
  22  2:27  SCV  
  23  2:36  Engineering Bay  
  23  2:39  SCV  
  24  2:51  SCV  
  25  3:02  Orbital Command  
  25  3:03  SCV  
  25  3:04  Marine x2  
  28  3:10  Widow Mine  
  30  3:15  SCV  
  31  3:21  Missile Turret, Marine  
  31  3:22  Marine  
  33  3:30  SCV  
  34  3:39  Marine  
  35  3:41  Supply Depot  
  35  3:43  SCV  
  35  3:47  Factory Tech Lab  
  36  3:48  Starport  
  36  3:51  Terran Infantry Weapons Level 1  
  36  3:55  SCV  
  37  4:02  Barracks  
  37  4:07  SCV  
  37  4:08  Barracks  
  38  4:15  Refinery  
  38  4:19  SCV  
  38  4:21  Marine x2  
  41  4:31  SCV  
  42  4:35  Starport Tech Lab  
  42  4:39  Marine x2  
  42  4:43  SCV  
  45  4:50  Supply Depot x2  
  45  4:51  Supply Depot  
  45  4:54  Supply Depot  
  45  4:55  SCV, Missile Turret  
  45  4:57  Marine x2  
  48  5:03  SCV  
  48  5:05  Factory Tech Lab  
  49  5:14  Marine  
  49  5:15  Marine  
  49  5:19  Combat Shield  
  49  5:20  Stimpack  
  51  5:34  Marauder x2, Marine  
  51  5:35  Marine  
  57  5:45  Terran Infantry Armor Level 1  
  57  5:47  SCV, Refinery  
  58  5:51  SCV  
  58  5:52  Marine x2  
  58  5:54  Marine  
  58  5:55  Marine  
  63  5:59  SCV  
  63  6:03  SCV  
  65  6:10  Marine x2  
  67  6:11  SCV  
  67  6:12  Marine x2  
  67  6:15  SCV  
  67  6:17  Missile Turret  
  71  6:24  SCV  
  71  6:27  SCV  
  71  6:28  Marine x2  
  71  6:30  Marine x2  
  75  6:36  SCV  
  75  6:39  SCV  
  76  6:48  Marine x2  
  78  7:02  Missile Turret  
  78  7:05  Marine x2  
  78  7:06  Marine x2  
  78  7:08  Medivac  
  84  7:22  Barracks  
  84  7:23  Marine x2  
  84  7:24  Barracks  
  84  7:28  Missile Turret  
  86  7:33  Marine x2  
  86  7:36  Supply Depot  
  88  7:38  Medivac, Supply Depot x2  
  88  7:39  Supply Depot  
  88  7:41  Marine  
  88  7:44  Marine  
  91  7:46  Cyclone  
  91  7:51  Marine x2  
  95  7:54  Refinery  
  95  7:55  SCV x2  
  99  7:59  Marine  
  99  8:02  Missile Turret, Marine  
  99  8:03  Missile Turret  
  99  8:05  Missile Turret x2  
  101  8:07  SCV x2  
  101  8:09  Marine x2  
  101  8:10  Starport Tech Lab  
  105  8:18  Cyclone, Missile Turret  
  105  8:19  SCV x2  
  110  8:22  Missile Turret  
  110  8:31  SCV x2  
  112  8:42  Missile Turret  
  112  8:44  Armory  
  112  8:46  Command Center  
  91  9:06  Raven  
  89  9:30  Marine x4  
  93  9:37  Barracks Reactor  
  93  9:38  Barracks Reactor  
  93  9:48  Marine x4  
  93  9:49  Raven  
  99  9:59  Command Center  
  99  10:06  Marine x4  
  103  10:23  Marine  
  103  10:24  Marine x3  
  103  10:26  Planetary Fortress  
  103  10:28  Missile Turret  
  107  10:30  Missile Turret  
  107  10:31  Missile Turret  
  107  10:32  Raven  
  107  10:41  Marine x2  
  107  10:42  Marine x2  
  107  10:59  Marine x2  
  109  11:12  Missile Turret  
  109  11:14  SCV  
  110  11:18  Marine  
  110  11:19  Marine x7  
  118  11:26  SCV, Engineering Bay, Terran Infantry Armor Level 2  
  118  11:30  Terran Vehicle And Ship Armor Level 1  
  119  11:36  Marine x3  
  119  11:37  Marine x2  
  119  11:38  SCV  
  125  11:44  Refinery  
  125  11:47  Refinery  
  125  11:50  SCV  
  126  12:01  Planetary Fortress  
  126  12:02  SCV  
  127  12:09  Refinery  
  127  12:23  Marine x6  
  127  12:24  Marine x2  
  127  12:28  Raven  
  137  12:31  Cyclone  
  140  12:40  SCV  
  140  12:41  Marine x7  
  140  12:42  Marine  
  149  12:52  SCV  
  150  12:59  Marine x6  
  150  13:03  Cyclone  
  150  13:04  SCV, Refinery  
  160  13:10  Terran Infantry Weapons Level 2  
  160  13:11  Raven  
  162  13:16  SCV  
  163  13:24  Terran Ship Weapons Level 1, Missile Turret  
  163  13:27  Missile Turret  
  163  13:28  SCV, Missile Turret  
  164  13:42  Hi-Sec Auto Tracking  
  164  13:44  Supply Depot x3  
  164  13:47  Supply Depot  
  164  13:48  Supply Depot  
  164  13:54  Missile Turret  
  164  14:05  Raven, Cyclone  
  169  14:20  Starport  
  169  14:25  SCV  
  169  14:26  Starport  
  170  14:33  Marine x4  
  170  14:34  Marine x4  
  170  14:37  SCV, Cyclone  
  182  14:45  Neosteel Armor  
  182  14:48  Medivac  
  182  14:49  SCV  
  182  14:51  Marine x3  
  182  14:52  Marauder x2  
  192  15:01  SCV  
  193  15:13  SCV  
  193  15:14  Marauder x2  
  197  15:18  Medivac, Marine  
  200  15:26  Terran Infantry Armor Level 3  
  200  15:35  Marauder  
  189  15:48  Medivac  
  191  15:56  Marauder  
  193  16:13  SCV  
  193  16:17  Marine x2  
  193  16:18  Medivac, Marine x2  
  200  16:27  Terran Infantry Weapons Level 3  
  200  16:32  Refinery  
  87  18:45  Cyclone  
  86  18:48  Marine x2  
  86  18:49  Marine x5  
  89  19:06  Marine x3  
  89  19:07  Marine x4  
  96  19:17  Cyclone  
  99  19:24  Marine x5  
  90  19:49  Cyclone  
  90  20:02  Orbital Command  
Show
View Real Time Build Order
Export as new Build Order

KingKading Terran 

Build Orders:  

Get SALT Encoding   

  12  0:15  Supply Depot  
  12  0:23  Refinery  
  12  0:25  SCV  
  13  0:35  Engineering Bay  
  13  0:52  Barracks  
  13  1:13  Refinery  
  13  1:16  SCV  
  14  1:45  Barracks Tech Lab  
  14  1:52  Factory  
  14  2:03  Ghost Academy  
  14  2:12  Marauder  
  16  2:23  SCV  
  17  2:41  Hellion  
  19  2:52  Supply Depot  
  19  2:57  Planetary Fortress  
  19  3:09  Ghost  
  21  3:15  Supply Depot  
  21  3:33  Widow Mine  
  23  3:40  Personal Cloaking  
  23  4:02  Starport  
  23  4:24  Ghost  
  25  4:37  Barracks  
  25  4:48  Medivac  
  27  5:06  Nuke  
  27  5:42  Ghost  
  27  5:44  Barracks Tech Lab  
  27  5:48  Barracks Reactor  
  29  5:51  Hellion  
  21  6:43  Nuke  
  21  6:47  Ghost  
  21  6:49  Marine x2  
  25  6:56  Widow Mine  
  27  7:06  Marine  
  27  7:07  Marine  
  29  7:24  Marine  
  30  8:06  Ghost  
  30  8:12  Medivac  
  34  8:24  Bunker  
  34  8:35  Ghost  
  34  9:26  Nuke  
  34  9:53  Ghost  
  34  9:55  Marine x2  
  38  10:10  Supply Depot  
  38  10:13  Marine  
  39  10:31  Ghost, Marine  
  39  10:32  Supply Depot  
  32  11:16  Factory Tech Lab  
  32  11:30  Bunker  
  32  11:33  Ghost  
  32  11:35  Marine x2  
  36  11:53  Marine x2  
  38  12:02  Ghost  
  38  12:04  Liberator  
  43  12:31  Marine x2  
  45  12:37  Terran Infantry Weapons Level 1  
  45  12:47  Medivac  
  47  13:17  Medivac  
  49  13:33  Ghost  
  51  14:02  Ghost  
  53  14:30  Ghost  
  45  15:50  Ghost  
  45  15:54  Marine x2  
  49  16:04  Supply Depot  
  49  16:12  Marine  
  49  16:17  Supply Depot  
  50  16:19  Ghost  
  50  16:21  Widow Mine  
  54  16:28  Supply Depot  
  54  16:40  Supply Depot  
  54  16:43  Widow Mine  
  56  16:47  Ghost  
  58  17:11  Medivac  
  60  17:41  Medivac, Bunker  
Tags
 
Matchup
TvT
Race
Terran
Spawn Locations
Cross Positions
Add a new tag
Caveats
  • Supply blocks, unpowered buildings, or Contaminate may cause inaccurate times.
  • Supply counts are checked every 10 seconds.